 Dungeon Crawl Stone Soup version 0.21-a0-150-gc243083 (webtiles) character file.

1383 AverageBear the Slicer (level 8, -8/45 HPs)
             Began as a Deep Elf Fighter on July 28, 2017.
             Shot with an arrow by a centaur (12 damage)
             ... on level 6 of the Dungeon.
             The game lasted 00:07:41 (6553 turns).

AverageBear the Slicer (Deep Elf Fighter)           Turns: 6553, Time: 00:07:42

Health: -8/45      AC: 13    Str: 15    XL:     8   Next: 40%
Magic:  19/19      EV: 13    Int: 14    God:
Gold:   281        SH: 10    Dex: 14    Spells: 7/7 levels left

rFire    . . .     SeeInvis .   a - +1 rapier
rCold    . . .     Gourm    .   y - +0 buckler
rNeg     + . .     Faith    .   t - +3 ring mail {rN+}
rPois    .         Spirit   .   n - +0 helmet
rElec    .         Reflect  +   (no cloak)
rCorr    .         Harm     .   i - +1 pair of gloves
MR       .....                  g - +0 pair of boots
Stlth    +.........             r - +5 amulet of reflection
HPRegen  0.15/turn              h - ring of magical power
MPRegen  0.16/turn              k - ring of wizardry

@: no status effects
A: no striking features
a: no special abilities


You were on level 6 of the Dungeon.
You were not hungry.

You visited 1 branch of the dungeon, and saw 6 of its levels.

You collected 281 gold pieces.

Inventory:

Hand Weapons
 a - a +1 rapier (weapon)
 x - the +4 broad axe of the Known World {drain, rPois Int+4}
   (You found it on level 3 of the Dungeon)

   A truly terrible weapon, it drains the life of those it strikes.
   It affects your intelligence (+4).
   It protects you from poison.
Armour
 b - a +0 scale mail
 c - a +0 shield
 g - a +0 pair of boots (worn)
 i - a +1 pair of gloves (worn)
 l - a +0 pair of gloves
 n - a +0 helmet (worn)
 t - a +3 ring mail of positive energy (worn)
 y - a +0 buckler (worn)
Jewellery
 d - an uncursed amulet of rage
 h - a ring of magical power (left hand)
 j - an uncursed amulet of faith
 k - a ring of wizardry (right hand)
 r - a +5 amulet of reflection (around neck)
Wands
 e - a wand of digging (13/24)
 z - a wand of scattershot (3/9)
Scrolls
 p - 2 scrolls of blinking
Potions
 o - a potion of heal wounds
 v - a potion of flight
Comestibles
 f - 4 bread rations
 m - 3 royal jellies
 s - 4 fruits
 u - 2 meat rations
 w - a chunk of flesh


   Skills:
 - Level 2.4 Fighting
 - Level 8.1 Short Blades
 - Level 4.1 Armour
 - Level 5.0 Dodging
 + Level 3.4 Shields


You had 7 spell levels left.
You didn't know any spells.

Dungeon Overview and Level Annotations

Branches:
Dungeon (6/15)
 Temple: D:4-7

Altars:
Cheibriados
Qazlal
Sif Muna
Uskayaw
Yredelemnul
The Shining One

Annotations:
D:5 Prince Ribbit


Message History

* * * LOW HITPOINT WARNING * * *
The gnoll closely misses you.
The gnoll hits you from afar with a spear of piercing.
* * * LOW HITPOINT WARNING * * *
x2
Things that are here:
2 arrows; a club; a gnoll corpse You bump into the rock wall.
You feel less invigorated.
You feel less confused. The gnoll misses you.
The gnoll hits you from afar with a spear of piercing.
* * * LOW HITPOINT WARNING * * *
x2 The gnoll hits you but does no damage.
You block the gnoll's attack.
You hit the centaur.
The centaur is lightly wounded.
The centaur unwields an uncursed shortbow.
The centaur hits you but does no damage.
You block the gnoll's attack. The gnoll barely misses you.
The centaur wields an uncursed shortbow.
The centaur shoots an arrow.
The arrow hits you!
You die...

#### #######.##### ...#
#...........# ##.#.#...........#
.^.#.............#
.#######+#..._...##
.......#...........
.#####.#.........###......# .#
#.#.#......##.# #......# .#
#.#.#......##@# #......# #
.###.#.#.#....##(# #......# ..#
.....#.#.#....##c###......# ..##
.....#.#.#.##..ggg##......###...
.#####.#.#.##...g.#.........#.###
.# #>.....+.....+(........'....
.# #...#.##(....#.........#g..#
.# #...#.##.....#......(..#...#
.# #...'........'(.............


You could see a centaur and 4 gnolls.

Vanquished Creatures
  The ghost of craynaar the Magician, an amateur HuWz of Sif Muna (D:3)
  Duvessa (D:4)
  2 ice beasts (D:5)
  A centaur (D:5)
  A bullfrog (D:3)
  Dowan (D:4)
  2 scorpions (D:4)
  A crimson imp (D:5)
  A bullfrog zombie (D:5)
  2 jellies
  An orc priest (D:5)
  A gnoll shaman (D:6)
  3 hounds
  An orc wizard (D:5)
  3 worker ants
  An iguana (D:5)
  A killer bee zombie (D:6)
  A gnoll (D:6)
  8 adders
  2 oozes (D:4)
  A worm (D:4)
  2 dart slugs
  5 leopard geckos
  11 orcs
  2 giant cockroaches
  5 goblins
  5 hobgoblins
  17 jackals
  9 kobolds
  6 quokkas
  A ball python (D:1)
  2 bats
  A frilled lizard (D:4)
  8 rats
110 creatures vanquished.

Notes
Turn   | Place    | Note
-------+----------+-------------------------------------------
     0 | D:1      | AverageBear the Deep Elf Fighter began the quest for the Orb.
     0 | D:1      | Reached XP level 1. HP: 13/13 MP: 3/3
   455 | D:1      | Reached XP level 2. HP: 15/18 MP: 4/4
   514 | D:1      | Reached skill level 3 in Short Blades
  1432 | D:2      | Reached XP level 3. HP: 18/22 MP: 4/5
  1760 | D:2      | Reached skill level 4 in Short Blades
  2028 | D:3      | Found a stormy altar of Qazlal.
  2099 | D:3      | Reached XP level 4. HP: 27/27 MP: 6/6
  2369 | D:3      | Noticed a bullfrog
  2380 | D:3      | Killed a bullfrog
  2380 | D:3      | Reached skill level 5 in Short Blades
  2380 | D:3      | Reached XP level 5. HP: 19/31 MP: 7/7
  2389 | D:3      | Got a polished broad axe
  2402 | D:3      | Identified the +4 broad axe of the Known World {drain, rPois Int+4} (You found it on level 3 of the Dungeon)
  2447 | D:3      | Noticed craynaar's ghost (amateur HuWz)
  2469 | D:3      | Killed craynaar's ghost
  2469 | D:3      | Reached skill level 6 in Short Blades
  2469 | D:3      | Reached XP level 6. HP: 16/36 MP: 8/8
  3124 | D:4      | Found a deep blue altar of Sif Muna.
  3124 | D:4      | Found a basalt altar of Yredelemnul.
  3124 | D:4      | Found a glowing golden altar of the Shining One.
  3308 | D:4      | Reached skill level 7 in Short Blades
  3903 | D:4      | Noticed Dowan
  3905 | D:4      | Noticed Duvessa
  3922 | D:4      | Killed Duvessa
  3922 | D:4      | Reached XP level 7. HP: 25/40 MP: 9/9
  3931 | D:4      | Killed Dowan
  3931 | D:4      | Reached skill level 8 in Short Blades
  4207 | D:4      | Reached skill level 1 in Dodging
  4442 | D:5      | Entered Level 5 of the Dungeon
  4442 | D:5      | Found a snail-covered altar of Cheibriados.
  4545 | D:5      | Noticed Prince Ribbit
  5278 | D:5      | Reached skill level 5 in Dodging
  5331 | D:5      | Reached XP level 8. HP: 41/45 MP: 10/10
  6364 | D:6      | Found a hide-covered altar of Uskayaw.
  6417 | D:6      | Found a stormy altar of Qazlal.
  6546 | D:6      | HP: 2/45 [gnoll/spear (9)]
  6553 | D:6      | Shot with an arrow by a centaur

Vault maps used:
D:1:      evilmike_arrival_hilbert_curve, serial_glass, glass_columns_a,
          glass_columns_a, glass_columns_b, glass_columns_a, glass_columns_a
D:2:      st_stairs_13
D:3:      first_bread, dk_noncrumbling_3, minmay_door_square,
          grunt_qazlal_sundering
D:4:      gammafunk_temple_overflow_forgotten, uniq_duvessa
D:5:      lemuel_coloured_pillars_altar, basic_altar, uniq_prince_ribbit1
D:6:      kennysheep_mini, basic_altar, portal_sewer_entry_b

Skill      XL: |  1  2  3  4  5  6  7  8 |
---------------+-------------------------+-----
Short Blades   | 3 4 5 6 7 8 |  8.1
Dodging        | 5 |  5.0
Armour         | 3 4 |  4.1
Shields        | 3 |  3.4
Fighting       | |  2.4

Action                   |  1- 3 |  4- 6 |  7- 9 || total
-------------------------+-------+-------+-------++-------
Melee: Rapier            |   159 |   143 |   315 ||   617
  Use: Scroll            |     5 |     2 |     4 ||    11
       Potion            |       |     5 |     7 ||    12
  Eat: Chunk             |     4 |     6 |     8 ||    18
Armor: Scale mail        |    92 |    54 |     3 ||   149
       Ring mail         |       |       |   115 ||   115
Dodge: Dodged            |    29 |    49 |   176 ||   254
Block: Shield            |    69 |     9 |       ||    78
       Buckler           |       |    17 |    89 ||   106
